 Dungeon Crawl Stone Soup version 0.20-a0-259-gc929cd2 (webtiles) character file.

740 Faca the Shield-Bearer (level 8, -4/61 HPs)
             Began as a Formicid Fighter on Dec 2, 2016.
             Slain by a death yak (7 damage)
             ... on level 7 of the Dungeon.
             The game lasted 00:11:40 (3484 turns).

Faca the Shield-Bearer (Formicid Fighter)           Turns: 3484, Time: 00:11:41

Health: -4/61      AC:  8    Str: 21    XL:     8   Next: 5%
Magic:  17/17      EV:  9    Int:  8    God:
Gold:   210        SH: 10    Dex: 14    Spells: 7/7 levels left

rFire  . . .     SeeInvis +     a - +0 war axe
rCold  . . .     Gourm    .     b - +0 scale mail
rNeg   . . .     Faith    .     c - +0 shield
rPois  +         Spirit   .     (helmet unavailable)
rElec  .         Reflect  .     d - +0 cloak {MR+}
rCorr  .         Harm     .     (no gloves)
MR     +....     Clarity  +     (no boots)
Stlth  ..........               (no amulet)
                                o - ring of magical power
                                j - ring of poison resistance

@: no status effects
A: permanent stasis, dig shafts and tunnels, four strong arms, antennae 3, agile
1, clarity, slow regeneration 1
a: Dig, Shaft Self


You were on level 7 of the Dungeon.
You were not hungry.

You visited 1 branch of the dungeon, and saw 7 of its levels.

You collected 210 gold pieces.

Inventory:

Hand Weapons
 a - a +0 war axe (weapon)
 h - a +1 mace of crushing
Armour
 b - a +0 scale mail (worn)
 c - a +0 shield (worn)
 d - a +0 cloak of magic resistance (worn)
Jewellery
 j - a ring of poison resistance (left hand)
 o - a ring of magical power (right hand)
Wands
 k - a wand of acid (9/15)
Scrolls
 p - 2 scrolls of identify
Potions
 e - a potion of curing
 g - 2 potions of lignification
 l - a potion of cancellation {unknown}
 m - a potion of ambrosia {unknown}
 n - 2 potions of flight {unknown}
 q - a potion of brilliance
 s - a potion of berserk rage {unknown}
Books
 r - a book of Minor Magic

   Spells                             Type                      Level
   a - Magic Dart                     Conjuration                  1
   b - Blink                          Translocation                2
   c - Call Imp                       Summoning                    2
   d - Repel Missiles                 Charms/Air                   2
   e - Slow                           Hexes                        2
   f - Conjure Flame                  Conjuration/Fire             3
   g - Mephitic Cloud                 Conjuration/Poison/Air       3
Comestibles
 f - 2 bread rations
 i - 3 meat rations
 t - 2 fruits


   Skills:
 + Level 4.6 Fighting
 + Level 5.4 Axes
 + Level 5.0 Armour
 + Level 2.1 Dodging
 - Level 0.3 Stealth
 + Level 5.6 Shields


You had 7 spell levels left.
You didn't know any spells.

Dungeon Overview and Level Annotations

Branches:
Dungeon (8/15)               Lair (0/6) D:8
 Temple: D:4-7

Altars:
Ashenzari
Elyvilon
Gozag
Hepliaklqana
Ru
Sif Muna
Uskayaw
The Shining One

Shops:
D:8 =


Innate Abilities, Weirdness & Mutations

You cannot be hasted, slowed, berserked, paralysed or teleported.
You can dig through walls and to a lower floor.
Your four strong arms can wield two-handed weapons with a shield.
You have a pair of large antennae on your head. (SInv)
You are agile. (Dex +2)
You possess an exceptional clarity of mind.
You regenerate slowly when monsters are visible.


Message History

You climb upwards.
A scorpion comes into view.
Found 14 gold pieces and a twisted coral ring.
There is a stone staircase leading down here.
You hit the death yak.
The death yak is lightly wounded.
The death yak gores you!
* * * LOW HITPOINT WARNING * * *
You slash the death yak!
The death yak is lightly wounded.
The death yak completely misses you.
You slash the death yak!
The death yak is moderately wounded.
You block the death yak's attack.
You slash the death yak!
The death yak is heavily wounded.
You barely miss the scorpion.
The death yak gores you but does no damage.
You block the scorpion's attack. The death yak gores you!
You die...

.... #. ..#
....##. ...
. .......
.. .. .
..... #.#
.# .......
..#..#
....#..
.....
......s#..#
......Y@#
........#
....#..#.
....... ##
. ..$..
.....##
....# ..=.


You could see a death yak and a scorpion.

Vanquished Creatures
  The ghost of ktulu8bugs the Digger, an amateur FoEE of Ashenzari (D:3)
  A phantom (D:5)
  2 scorpions
  3 hounds
  Crazy Yiuf (D:2)
  Terence (D:3)
  2 worker ants (D:4)
  10 adders
  2 oozes
  5 dart slugs
  2 leopard geckos
  8 orcs
  6 bats
  5 giant cockroaches
  10 goblins
  A hobgoblin (D:1)
  2 jackals (D:1)
  6 kobolds
  2 quokkas
  4 ball pythons
  4 frilled lizards
  A leopard gecko skeleton (D:4)
  8 rats
87 creatures vanquished.

Notes
Turn   | Place    | Note
-------+----------+-------------------------------------------
     0 | D:1      | Faca the Formicid Fighter began the quest for the Orb.
     0 | D:1      | Reached XP level 1. HP: 18/18 MP: 1/1
   254 | D:1      | Reached XP level 2. HP: 24/24 MP: 2/2
   369 | D:1      | Reached XP level 3. HP: 27/29 MP: 3/3
   924 | D:2      | Found a hide-covered altar of Uskayaw.
   943 | D:2      | Reached XP level 4. HP: 23/35 MP: 4/4
  1045 | D:2      | Found a runed door.
  1050 | D:2      | Noticed Crazy Yiuf
  1055 | D:2      | Killed Crazy Yiuf
  1181 | D:2      | Gained mutation: You regenerate slowly when monsters are visible. [potion of mutation]
  1181 | D:2      | Gained mutation: You possess an exceptional clarity of mind. [potion of mutation]
  1181 | D:2      | Gained mutation: You are agile. (Dex +2) [potion of mutation]
  1207 | D:2      | Found a white marble altar of Elyvilon.
  1301 | D:2      | Reached skill level 1 in Dodging
  1301 | D:2      | Reached XP level 5. HP: 39/41 MP: 5/5
  1492 | D:2      | Found a glowing golden altar of the Shining One.
  1548 | D:3      | Found an opulent altar of Gozag.
  1560 | D:3      | Found a sacrificial altar of Ru.
  1619 | D:3      | Noticed Terence
  1628 | D:3      | Killed Terence
  1639 | D:3      | Reached XP level 6. HP: 43/48 MP: 6/6
  1671 | D:3      | Reached skill level 5 in Shields
  1689 | D:3      | Noticed ktulu8bugs's ghost (amateur FoEE)
  2034 | D:3      | Killed ktulu8bugs's ghost
  2034 | D:3      | Reached XP level 7. HP: 28/54 MP: 7/7
  2260 | D:3      | Found a deep blue altar of Sif Muna.
  2264 | D:3      | Found a hazy altar of Hepliaklqana.
  2269 | D:3      | Found a shattered altar of Ashenzari.
  3264 | D:4      | Reached skill level 5 in Axes
  3292 | D:5      | Entered Level 5 of the Dungeon
  3358 | D:5      | Reached skill level 5 in Armour
  3358 | D:5      | Reached XP level 8. HP: 56/61 MP: 8/8
  3465 | D:5      | You fall through a shaft for 3 floors!
  3465 | D:8      | Found a staircase to the Lair.
  3465 | D:8      | Noticed a death yak
  3465 | D:8      | Noticed a death yak
  3465 | D:8      | Noticed a death yak
  3465 | D:8      | Noticed a death yak
  3465 | D:8      | Noticed a death yak
  3465 | D:8      | Noticed a death yak
  3465 | D:8      | Noticed a death yak
  3465 | D:8      | Noticed a death yak
  3465 | D:8      | Noticed a death yak
  3476 | D:8      | Found Ojein's Jewellery Boutique.
  3481 | D:7      | HP: 3/61 [death yak (10)]
  3484 | D:7      | Slain by a death yak

Vault maps used:
D:1:      roderic_chinese_lattice_arrival
D:2:      lemuel_doored_altar, lemuel_round_altar, overflow_temple_1_default,
          uniq_crazy_yiuf_cottage
D:3:      lemuel_round_altar, minmay_overflow_temple_star_quad,
          grunt_gozag_statues, uniq_terence
D:4:      first_bread, corexii_shack
D:5:      serial_shops, nicolae_shop_crystal, ashenzari_altar_1
D:8:      slow_altar_1, dpeg_lair_monsters, serial_shops, shop

Skill      XL: |  1  2  3  4  5  6  7 |
---------------+----------------------+-----
Shields        | 4 5 |  5.6
Axes           | 3 4 5 |  5.4
Dodging        | 1 2 |  2.1
Armour         | 4 5 |  5.0
Fighting       | 4 |  4.6
Stealth        | |  0.3

Action                   |  1- 3 |  4- 6 |  7- 9 || total
-------------------------+-------+-------+-------++-------
Melee: War axe           |    80 |   139 |    95 ||   314
  Use: Scroll            |     2 |     2 |       ||     4
       Potion            |     2 |     2 |       ||     4
  Eat: Meat ration       |       |     1 |     1 ||     2
       Pizza             |       |       |     1 ||     1
Armor: Scale mail        |    54 |    63 |    29 ||   146
Dodge: Dodged            |    28 |    50 |    38 ||   116
Block: Shield            |    65 |    87 |    58 ||   210
